AoeStats
← Huggieg

Pilgrims

508891127Analyzed
4v4 RM · 9d ago on Sep 24, 2026· 22m 1s· 8 players
Game mode
Random Map
Map size
Large (8 player)
Population
200
Speed
Normal
Resources
Standard
Victory
Conquest
Starting age
Dark Age
Ending age
Imperial Age
RankedLock teamsTeams togetherTeam positionsShared explorationLock speedFull tech treeHidden civsTurbo modeCheats
Victory
Defeat
🇬🇧 Franks · United Kingdom
1564
+10
🇧🇪 Vietnamese · Belgium
1502
+12
🇺🇸 Romans · United States
1496
+12
🇬🇧 Saracens · United Kingdom
1424
+15
🇫🇷 Portuguese · France
1441
-13
🇨🇳 Poles · China
1433
-13
🇧🇷 Huns · Brazil
1429
-13
🇦🇷 Vietnamese · Argentina
1366
-10
Svodoo
Perseu
7:58 Loom
10:12 Feudal Age
15:26 Castle Age
13:50 Double-Bit Axe
16:56 Scale Barding Armor
都挺好
8:42 Loom
10:38 Feudal Age
17:03 Castle Age
15:27 Double-Bit Axe
16:14 Horse Collar
19:32 Bow Saw
卫星点灯
11:23 Feudal Age
10:04 Loom
12:50 Fletching
19:44 Castle Age
17:37 Double-Bit Axe
[TSU] CJ the Strategos
7:05 Loom
9:40 Feudal Age
10:39 Double-Bit Axe
11:15 Fishing Lines
11:51 Fletching
12:17 Gold Mining
14:57 Wheelbarrow
20:00 Town Watch
[TSU] Red Cansky
4:31 Loom
9:23 Feudal Age
10:15 Double-Bit Axe
11:06 Fletching
16:02 Town Watch
20:34 Castle Age
[TSU] Midu
9:53 Loom
12:41 Feudal Age
16:53 Castle Age
15:11 Fletching
15:40 Double-Bit Axe
15:55 Gold Mining
17:56 Bodkin Arrow
18:12 Crossbowman
Huggieg
9:50 Loom
11:52 Feudal Age
13:19 Double-Bit Axe
13:45 Fishing Lines
17:00 Castle Age
17:46 Fletching
Connection lost

Rejoining the realm…

Still unreachable

The connection could not be restored.

Session expired

The server has moved on; the page needs a fresh start.